Map: Lightshade LE

Players

Trap

  • Race: Protoss Protoss

Lambo - Winner!

  • Race: Zerg Zerg

Event: DreamHack SC2 Masters 2021 Summer

VOD

Have the link to the VOD?

Description

Time

  • Played on: July 1, 2021, 12:59 p.m.
  • Length: 8:16

All games in this series

Show
View Real Time Build Order
Export as new Build Order

Trap Protoss 

Build Orders: 1 Gate Expand, Oracle Opening 

Get SALT Encoding   

  12  0:00  Probe  
  13  0:14  Pylon  
  13  0:17  Probe (Chrono Boost)  
  14  0:26  Probe (Chrono Boost)  
  15  0:31  Probe (Chrono Boost)  
  16  0:41  Gateway  
  16  0:43  Probe  
  17  0:50  Assimilator  
  17  0:55  Probe  
  18  1:08  Probe  
  19  1:20  Probe  
  19  1:24  Nexus  
  20  1:34  Cybernetics Core  
  20  1:37  Probe  
  21  1:47  Assimilator  
  21  1:49  Probe  
  22  1:54  Pylon  
  22  2:01  Probe  
  23  2:09  Probe, Adept (Chrono Boost)  
  23  2:11  Warp Gate  
  26  2:17  Probe  
  27  2:28  Stargate  
  28  2:30  Probe (Chrono Boost)  
  28  2:32  Adept  
  28  2:36  Probe (Chrono Boost)  
  33  2:45  Probe x2 (Chrono Boost)  
  33  2:50  Probe (Chrono Boost)  
  33  2:52  Probe  
  35  3:02  Probe, Adept  
  35  3:03  Void Ray (Chrono Boost)  
  35  3:04  Probe  
  43  3:13  Pylon  
  43  3:14  Probe  
  43  3:16  Probe  
  45  3:23  Gateway  
  45  3:26  Probe  
  46  3:31  Probe  
  47  3:36  Oracle (Chrono Boost)  
  51  3:41  Probe  
  51  3:43  Probe  
  52  3:51  Pylon  
  52  3:53  Probe  
  53  3:55  Probe  
  53  3:57  Nexus  
  54  4:04  Assimilator  
  54  4:06  Assimilator  
  54  4:08  Stargate  
  54  4:10  Probe  
  54  4:12  Probe  
  54  4:15  Shield Battery  
  56  4:24  Probe x2, Pylon  
  56  4:29  Void Ray  
  62  4:41  Pylon  
  62  4:42  Probe x2  
  64  4:45  Robotics Facility  
  64  4:46  Pylon  
  64  4:48  Forge  
  64  4:54  Probe x2  
  64  4:56  Void Ray (Chrono Boost)  
  66  5:03  Void Ray (Chrono Boost)  
  66  5:06  Probe x2  
  72  5:12  Probe  
  76  5:18  Probe x2  
  76  5:20  Probe  
  77  5:22  Adept  
  77  5:23  Adept  
  82  5:29  Shield Battery  
  82  5:33  Shield Battery, Void Ray (Chrono Boost)  
  85  5:36  Pylon  
  86  5:43  Photon Cannon, Void Ray (Chrono Boost)  
  86  5:45  Photon Cannon  
  86  5:48  Photon Cannon  
  86  5:56  Shield Battery  
  90  6:01  Photon Cannon  
  90  6:02  Shield Battery  
  90  6:04  Pylon  
  90  6:13  Photon Cannon  
  90  6:14  Void Ray (Chrono Boost)  
  90  6:15  Shield Battery  
  90  6:21  Adept  
  90  6:22  Void Ray (Chrono Boost)  
  98  6:34  Immortal  
  98  6:37  Gateway  
  100  6:41  Photon Cannon  
  93  6:48  Void Ray (Chrono Boost)  
  93  6:50  Zealot  
  91  7:01  Void Ray (Chrono Boost)  
  75  7:13  Immortal  
  75  7:15  Zealot  
  79  7:24  Gateway  
  79  7:28  Gateway  
  75  7:33  Probe x3  
  75  7:34  Void Ray (Chrono Boost)  
  76  7:37  Photon Cannon  
  71  7:52  Pylon  
  70  7:58  Probe x2  
Show
View Real Time Build Order
Export as new Build Order

Lambo Zerg - Winner!

Build Orders: Hatch First 

Get SALT Encoding   

  12  0:00  Drone  
  13  0:12  Overlord  
  13  0:17  Drone  
  14  0:31  Drone x2  
  17  0:35  Drone  
  17  0:51  Hatchery  
  17  0:55  Drone  
  17  0:58  Drone  
  18  1:09  Extractor  
  17  1:13  Spawning Pool  
  17  1:16  Drone  
  17  1:20  Drone  
  18  1:28  Drone  
  19  1:39  Drone  
  20  1:50  Overlord  
  20  2:00  Queen  
  22  2:03  Drone, Queen  
  22  2:04  Zergling x2  
  26  2:10  Metabolic Boost  
  26  2:12  Zergling x2  
  26  2:15  Drone  
  28  2:21  Drone  
  29  2:25  Drone  
  30  2:34  Hatchery  
  29  2:39  Drone  
  29  2:40  Drone  
  31  2:45  Overlord  
  31  2:48  Drone  
  32  2:53  Queen  
  32  2:58  Drone  
  35  3:01  Drone  
  36  3:09  Queen  
  36  3:10  Overlord  
  38  3:13  Drone x3  
  38  3:16  Zergling x2  
  38  3:18  Zergling x2  
  43  3:20  Drone  
  43  3:22  Overlord  
  44  3:32  Zergling x2  
  45  3:34  Queen  
  45  3:38  Drone x2  
  45  3:39  Overlord  
  49  3:43  Drone  
  49  3:44  Drone  
  51  3:48  Queen  
  51  3:49  Drone  
  51  3:52  Drone x2  
  56  3:58  Drone x2  
  58  4:03  Drone  
  58  4:06  Drone x4, Spore Crawler  
  58  4:08  Drone  
  63  4:12  Overlord  
  63  4:13  Drone  
  64  4:20  Drone x2  
  64  4:21  Overlord  
  66  4:25  Roach Warren  
  66  4:27  Overlord  
  68  4:31  Drone x4  
  68  4:36  Drone  
  68  4:38  Queen  
  69  4:39  Extractor x2  
  69  4:40  Drone x2  
  69  4:42  Drone, Extractor  
  71  4:52  Drone  
  72  4:54  Drone, Spore Crawler  
  72  4:56  Spore Crawler  
  70  5:01  Overlord  
  70  5:04  Overlord  
  80  5:07  Roach x5  
  80  5:11  Overlord  
  80  5:12  Roach  
  80  5:13  Roach  
  84  5:20  Roach x4  
  89  5:25  Queen  
  89  5:27  Overlord  
  90  5:29  Zergling x8  
  90  5:35  Zergling x10  
  98  5:41  Ravager  
  98  5:42  Ravager x3  
  103  5:44  Zergling x8  
  103  5:48  Overlord  
  103  5:49  Zergling x4  
  109  5:52  Ravager  
  109  5:54  Zergling x8  
  114  6:00  Zergling x4  
  114  6:03  Ravager x2  
  114  6:04  Overlord  
  118  6:05  Zergling x6  
  118  6:09  Zergling x6  
  123  6:12  Ravager  
  123  6:13  Overlord  
  125  6:18  Zergling x8  
  125  6:20  Ravager  
  125  6:25  Zergling x6  
  127  6:27  Ravager  
  127  6:30  Zergling x2  
  126  6:33  Zergling x6  
  126  6:36  Zergling x2  
  126  6:37  Roach x4  
  126  6:39  Roach  
  135  6:42  Roach x2  
  131  6:49  Zergling x6  
  127  6:54  Zergling x2  
  120  7:02  Queen x2, Zergling x10  
  120  7:05  Zergling x4  
  120  7:08  Zergling x4  
  127  7:12  Queen  
  127  7:13  Drone x2  
  128  7:20  Ravager x6  
  128  7:22  Zergling x4  
  130  7:29  Drone x2  
  128  7:34  Zergling x4  
  126  7:38  Queen x2  
  126  7:41  Zergling x2  
  125  7:44  Zergling x4  
  125  7:48  Zergling x2  
  128  7:54  Zergling x2  
Tags
 
Add a new tag
Caveats
  • Supply blocks, unpowered buildings, or Contaminate may cause inaccurate times.
  • Supply counts are checked every 10 seconds.